 Dungeon Crawl Stone Soup version 0.18-a0-1327-gce91241 (webtiles) character file.

95 Reinor the Cutter (level 4, -1/23 HPs)
             Began as a Spriggan Abyssal Knight on Feb 16, 2016.
             Was a Believer of Lugonu.
             Killed from afar by an orc wizard (5 damage)
             ... with a magic dart
             ... on level 3 of the Dungeon.
             The game lasted 00:05:03 (3004 turns).

Reinor the Cutter (Spriggan Abyssal Knight)         Turns: 3004, Time: 00:05:03

Health: -1/23      AC:  2    Str:  8    XL:     4   Next: 39%
Magic:  6/6        EV: 24    Int: 14    God:    Lugonu [**....]
Gold:   105        SH:  0    Dex: 20    Spells: 0 memorised, 3 levels left

rFire  . . .     SeeInvis +     a - +1 short sword
rCold  . . .     Gourm    .     b - +0 robe
rNeg   . . .     Faith    .     (shield restricted)
rPois  .         Spirit   .     (helmet restricted)
rElec  .         Dismiss  .     (no cloak)
rCorr  .         Reflect  .     (gloves unavailable)
SustAt .         Harm     .     (boots unavailable)
MR     .....                    (no amulet)
Stlth  ++++......               (no ring)
                                (no ring)

@: agile, very slightly contaminated, hasted, very quick, not resistant to
hostile enchantments, stealthy
A: unfitting armour, see invisible, herbivore 3, speed 3, slow metabolism 2
a: Depart the Abyss, Bend Space, Renounce Religion


You were on level 3 of the Dungeon.
You worshipped Lugonu.
Lugonu was pleased with you.
You were not hungry.

You visited 1 branch of the dungeon, and saw 3 of its levels.
You visited the Abyss 1 time.

You collected 105 gold pieces.

Inventory:

Hand Weapons
 a - a +1 short sword (weapon)
Armour
 b - a +0 robe (worn)
Scrolls
 e - a scroll of enchant armour {unknown}
 j - a scroll of fog {unknown}
 l - a scroll of identify
Potions
 d - a potion of flight
 g - 2 potions of might
 i - 4 potions of curing
 k - a potion of haste
Comestibles
 c - 3 bread rations
 f - 2 slices of pizza


   Skills:
 - Level 2.4 Fighting
 + Level 4.3 Short Blades
 - Level 3.5 Dodging
 - Level 3.1 Stealth
 - Level 2.0 Invocations


You had 3 spell levels left.
You didn't know any spells.

Dungeon Overview and Level Annotations

Branches:
Dungeon (3/15)

Altars:
Dithmenos
Ru
Trog
Xom


Innate Abilities, Weirdness & Mutations

You are tiny and cannot use many weapons and most armour.
You have supernaturally acute eyesight.
You are an herbivore.
You cover ground extremely quickly.
You need consume almost no food.


Message History

You feel agile all of a sudden. The orc completely misses you.
Drink which item? (? for menu, Esc to quit)
Okay, then.
You hit the orc.
You kill the orc!
Lugonu accepts your kill.
The orc wizard gestures at you while chanting.
You easily resist.
You hit the orc wizard but do no damage.
The orc wizard mumbles some strange words.
The orc wizard blinks!
The orc wizard gestures wildly while chanting.
The orc wizard blinks!
Things that are here:
a short sword; an orc corpse You barely miss the orc wizard.
The orc wizard points at you and mumbles some strange words.
The magic dart hits you!
You die...

..?...... #........
+........ #.....(..
#########........
#................#...
#..o...§.......# #...
#.§.@..)...#######...
#................#...
#................#...
#........).......#...
#..........#.....#...
##########.#.........
..#.######## ####.#
..#


You could see an orc wizard.

Vanquished Creatures
  4 adders
  An ooze (D:1)
  A giant gecko (D:2)
  2 orcs (D:3)
  A ball python (D:2)
  13 bats
  A giant cockroach (D:2)
  5 goblins
  8 hobgoblins
  2 jackals (D:2)
  6 kobolds
  A giant newt (D:1)
  5 rats
50 creatures vanquished.

Notes
Turn   | Place    | Note
--------------------------------------------------------------
     0 | Abyss:1  | Reinor the Spriggan Abyssal Knight began the quest for the Orb.
     0 | Abyss:1  | Reached XP level 1. HP: 11/11 MP: 3/3
    45 | Abyss:1  | Noticed a small abomination
    87 | Abyss:1  | Noticed a thrashing horror
   111 | Abyss:1  | Noticed a quasit
   128 | Abyss:1  | Noticed a tormentor
   132 | Abyss:1  | Noticed a raiju
   134 | Abyss:1  | Noticed a thrashing horror
   134 | D:1      | Escaped the Abyss
   412 | D:1      | Reached * piety under Lugonu
   412 | D:1      | Reached skill level 1 in Stealth
   412 | D:1      | Reached XP level 2. HP: 14/16 MP: 4/4
  1451 | D:2      | Found a shimmering altar of Xom.
  1478 | D:2      | Reached XP level 3. HP: 19/19 MP: 5/5
  1898 | D:2      | Found a sacrificial altar of Ru.
  2190 | D:2      | Found a bloodstained altar of Trog.
  2354 | D:2      | Found a shimmering altar of Xom.
  2355 | D:2      | Found a shimmering altar of Xom.
  2355 | D:2      | Found a shimmering altar of Xom.
  2355 | D:2      | Found a shimmering altar of Xom.
  2397 | D:2      | Reached XP level 4. HP: 12/23 MP: 6/6
  2409 | D:2      | Reached skill level 4 in Short Blades
  2778 | D:3      | Reached ** piety under Lugonu
  2917 | D:3      | Found a shadowy altar of Dithmenos.
  3004 | D:3      | Killed from afar by an orc wizard

Vault maps used:
D:1:      scummos_arrival_gate
D:2:      nicolae_ru_sacrificial_ziggurat, lightli_temple_of_fire,
          xom_redecorated
D:3:      grunt_dithmenos_smoke, moated_statue,
          gammafunk_pakellas_spire_experiment
Abyss:1:  lemuel_firewalk_3

Action                   |  1- 3 |  4- 6 || total
-------------------------+-------+-------++-------
Melee: Short sword       |   147 |    38 ||   185
Invok: Depart the Abyss  |     1 |       ||     1
  Use: Scroll            |     4 |       ||     4
       Potion            |       |     3 ||     3
 Stab: Sleeping          |     7 |     3 ||    10
